 Dungeon Crawl Stone Soup version 0.26-a0-658-gbdda728c12 (webtiles) character file.

Game seed: 4968352682466766637

7 tacoguy the Caller (level 1, 0/10 HPs)
             Began as a Deep Elf Summoner on Oct 4, 2020.
             Slain by a jackal (1 damage)
             ... on level 1 of the Dungeon.
             The game lasted 00:02:48 (406 turns).

tacoguy the Caller (Deep Elf Summoner)               Turns: 406, Time: 00:02:49

Health: 0/10       AC:  2    Str:  5    XL:     1   Next: 83%
Magic:  1/6        EV: 10    Int: 19    God:
Gold:   0          SH:  0    Dex: 15    Spells: 5/6 levels left

rFire    . . .     SeeInvis .   (no weapon)
rCold    . . .     Faith    .   (no shield)
rNeg     . . .     Spirit   .   a - +0 robe
rPois    .         Reflect  .   (no helmet)
rElec    .         Harm     .   (no cloak)
rCorr    .         Rampage  .   (no gloves)
MR       .....                  (no boots)
Stlth    ++........             (no amulet)
HPRegen  0.03/turn              (no ring)
MPRegen  0.10/turn              (no ring)

@: constricted
A: no striking features
a: no special abilities


You were on level 1 of the Dungeon.
You visited 1 branch of the dungeon, and saw 1 of its levels.

Inventory:

Armour
 a - a +0 robe (worn)
Scrolls
 c - a scroll of identify {unknown}
Potions
 b - a potion of mutation {unknown}


   Skills:
 + Level 2.6 Dodging
 - Level 2.4 Stealth
 * Level 3.2 Spellcasting
 * Level 4.6 Summonings


You had 5 spell levels left.
You knew the following spells:

 Your Spells              Type           Power        Failure   Level
a - Summon Small Mammal   Summ           ###.         2%          1

Your spell library contained the following spells:

 Spells                   Type           Power        Failure   Level
 Call Imp                 Summ           ###.....     3%          2
 Call Canine Familiar     Summ           ###.....     7%          3
 Summon Guardian Golem    Hex/Summ       ##......     17%         3
 Summon Ice Beast         Ice/Summ       ##......     50%         4
 Summon Lightning Spire   Summ/Air       ##......     50%         4


Dungeon Overview and Level Annotations

Branches:
Dungeon (1/15)

Altars:


Message History

The jackal is moderately wounded.
Your bat barely misses the jackal. x2
The ball python bites you but does no damage.
The ball python constricts you. The jackal bites you.
Your bat barely misses the jackal.
The ball python bites you.
* * * LOW HITPOINT WARNING * * *
The ball python constricts you. The goblin barely misses your bat.
You barely miss the jackal.
The jackal is moderately wounded.
Your bat hits the jackal but does no damage.
Your bat barely misses the jackal.
The jackal bites you.
* * * LOW HITPOINT WARNING * * *
The ball python closely misses you. The ball python constricts you.
Your bat completely misses the jackal.
The jackal bites you but does no damage.
You barely miss the jackal.
The jackal is moderately wounded.
Your bat barely misses the jackal. x2; Your bat hits the jackal.
The jackal bites you.
You die...

## #........## #
#....#.#.#
#..).#.#.#
#....#...#
#........# .
#........+ ...
#........######....
#.......>...S.....!
.......###..@hg.....
........#
#....b.....
...$....#
#.b.....?..
#####..##
#...)...... ##.
#..........
#$.......)$
#.......#..
#########..


You could see a jackal, a goblin, a ball python and 2 friendly bats.

Vanquished Creatures
  A ball python (D:1)
  A kobold (D:1)
2 creatures vanquished.

Vanquished Creatures (collateral kills)
  A ball python (D:1)
  A giant cockroach (D:1)
  A hobgoblin (D:1)
  2 jackals (D:1)
  A kobold (D:1)
  A rat (D:1)
7 creatures vanquished.

Grand Total: 9 creatures vanquished

Notes
Turn   | Place    | Note
-------+----------+-------------------------------------------
     0 | D:1      | tacoguy the Deep Elf Summoner began the quest for the Orb.
     0 | D:1      | Reached XP level 1. HP: 10/10 MP: 6/6
   406 | D:1      | Slain by a jackal

Illustrated notes

Levels and vault maps discovered:
D:1:      psy_arrival_whirlpool, layout_basic, minmay_misc_feat_diagonals

Action                   || total
-------------------------++-------
Melee: Unarmed           ||    12
 Cast: Summon Small Mamm ||    25
Armor: Robe              ||     4
Dodge: Dodged            ||    11

Table legend: (Time is in decaauts)
 A = Elapsed time spent in this place.
 B = Non-inter-level travel time spent in this place.
 C = Inter-level travel time spent in this place.
 D = Time resting spent in this place.
 E = Time spent auto-exploring this place.
 F = Levels seen in this place.
 G = Mean time per level.
                   A        B        C        D        E       F      G
               +--------+--------+--------+--------+--------+-----+--------+
         Total |    407 |    400 |      7 |    288 |     46 |   1 |  407.0 |
       Dungeon |    407 |    400 |      7 |    288 |     46 |   1 |  407.0 |
               +--------+--------+--------+--------+--------+-----+--------+

Top non-repeatable levels by time:
     D:1: 407 daAuts
